 Dungeon Crawl Stone Soup version 0.29.1-15-g9cfb28693d (webtiles) character file.

Game seed: 8763824807410709900

151574 drjones the Executioner (level 17, 0/237 HPs)
             Began as a Minotaur Berserker on Apr 8, 2023.
             Was a High Priest of Trog.
             Succumbed to a sea snake's poison
             ... on level 1 of the Shoals on Apr 9, 2023.
             The game lasted 01:53:44 (39806 turns).

drjones the Executioner (Minotaur Berserker)       Turns: 39806, Time: 01:53:44

Health: 0/237      AC: 24    Str: 28    XL:     17   Next: 1%
Magic:  16/16      EV: 13    Int:  4    God:    Trog [*****.]
Gold:   351        SH:  5    Dex: 19    Spells: 16/16 levels left

rFire   + + .      SeeInvis .   a - +3 executioner's axe "Guen" {drain, Fly Dex+3}
rCold   + + .      Faith    .   (shield currently unavailable)
rNeg    . . .      Spirit   .   g - +2 plate armour {rC+}
rPois   +          Reflect  +   (helmet restricted)
rElec   .          Harm     .   K - scarf {rC+ rF+}
rCorr   .          Rampage  +   n - +2 pair of gloves
Will    ++...                   H - +0 pair of boots {rampage}
Stlth   ..........              r - amulet of reflection
HPRegen 0.49/turn               f - ring of willpower
MPRegen 0.15/turn               M - ring "Waw Zuclish" {+Blink rPois rF+ Int-2 Dex+6}

@: berserking, lethally poisoned (0 -> -22), flying, studying Dodging, very
quick
A: horns 2, retaliatory headbutt
a: Renounce Religion, Evoke Blink, Berserk, Trog's Hand, Brothers in Arms


You were on level 1 of the Shoals.
You worshipped Trog.
Trog was extremely pleased with you.
You visited 5 branches of the dungeon, and saw 27 of its levels.

You collected 2132 gold pieces.
You spent 1781 gold pieces at shops.

Inventory:

Hand Weapons
 a - the +3 executioner's axe "Guen" (weapon) {drain, Fly Dex+3}
   (You acquired it on level 10 of the Dungeon)

   A truly terrible weapon, it drains the life of any living foe it strikes.
   Dex:       It affects your dexterity (+3).
   Fly:       It grants you flight.
 b - the +11 arbalest "X" {freeze, rN++ rCorr Str-2 Dex+3}
   (You bought it in a shop on level 1 of the Dungeon)

   Any ammunition fired from it freezes those it strikes, dealing additional
   cold damage.
   It can also slow down cold-blooded creatures.
   Str:       It affects your strength (-2).
   Dex:       It affects your dexterity (+3).
   rN:        It greatly protects you from negative energy.
   rCorr:     It protects you from acid and corrosion.
 h - a +5 vorpal broad axe
 i - a +2 vorpal executioner's axe
 R - a +1 antimagic great mace
 S - a +2 morningstar of protection
Missiles
 k - 5 throwing nets (quivered)
Armour
 g - a +2 plate armour of cold resistance (worn)
 n - a +2 pair of gloves (worn)
 z - a +1 kite shield of protection
 H - a +0 pair of boots of rampaging (worn)
 K - a scarf of resistance (worn)
Jewellery
 f - a ring of willpower (left hand)
 r - an amulet of reflection (around neck)
 t - a ring of see invisible
 E - a ring of positive energy
 F - a +4 ring of protection
 M - the ring "Waw Zuclish" (right hand) {+Blink rPois rF+ Int-2 Dex+6}
   (You bought it in a shop on level 2 of the Snake Pit)

   [ring of dexterity]

   Int:       It affects your intelligence (-2).
   Dex:       It affects your dexterity (+6).
   rF:        It protects you from fire.
   rPois:     It protects you from poison.
   +Blink:    It lets you blink.
Wands
 s - a wand of paralysis (24)
 v - a wand of flame (69)
 w - a wand of mindburst (3)
 D - a wand of polymorph (4)
 L - a wand of quicksilver (2)
Scrolls
 c - 6 scrolls of teleportation
 j - 3 scrolls of brand weapon
 l - 5 scrolls of fear
 q - 2 scrolls of blinking
 y - 3 scrolls of poison
 C - 4 scrolls of fog
 G - 3 scrolls of magic mapping
 J - 4 scrolls of enchant armour
 Q - 5 scrolls of identify
Potions
 d - 13 potions of curing
 e - 3 potions of might
 m - 2 potions of ambrosia
 o - 5 potions of haste
 u - a potion of magic
 x - 5 potions of heal wounds
 A - a potion of resistance
 B - 4 potions of cancellation
 I - 6 potions of attraction
Miscellaneous
 N - a phial of floods


   Skills:
 + Level 16.0 Fighting
 - Level 24.0 Axes
 + Level 1.9 Ranged Weapons
 + Level 15.8 Armour
 - Level 9.5 Dodging
 - Level 11.5 Shields
 - Level 8.9 Evocations


You had 16 spell levels left.
You didn't know any spells.
Your spell library was empty.

Dungeon Overview and Level Annotations

Branches:
Dungeon (15/15)            Temple (0/1) D:4            Lair (5/5) D:11
 Shoals (1/4) Lair:2        Snake (4/4) Lair:3        Slime (0/5) Lair:5
    Orc (2/2) D:12            Elf (0/3) Orc:2        Vaults (0/5) D:13
 Depths (0/4) D:15

Altars:
Ashenzari
Cheibriados
Fedhas
Hepliaklqana
Makhleb
Okawaru
Qazlal
Ru
Sif Muna
Trog
Uskayaw
Vehumet
Xom
Yredelemnul
Zin
The Shining One
Jiyva
Lugonu

Shops:
D:1 ((   D:2 !   D:9 *   D:13 *   Orc:2 [[([?   Snake:2 =:=

Portals:
Abyss: Lair:5

Annotations:
D:2 1 runed translucent door, Crazy Yiuf
Lair:5 1 runed translucent door, Caath's ghost, journeyman DrFi
Orc:1 2 transporters, ponobo's ghost, journeyman GnFE


Innate Abilities, Weirdness & Mutations

You have a pair of horns on your head.
You reflexively headbutt those who attack you in melee.


Message History

The merfolk impaler is lightly wounded.
* * * LOW HITPOINT WARNING * * *
You feel very sick. The merfolk impaler barely misses you.
You furiously retaliate!
You headbutt the merfolk impaler! You closely miss the merfolk impaler.
The merfolk impaler is moderately wounded.
You barely miss the wind drake.
* * * LOW HITPOINT WARNING * * *
You feel very sick.
The merfolk impaler hits you with a +3 trident of freezing!
* * * LOW HITPOINT WARNING * * *
You are too berserk!
You are too berserk!
You are too berserk!
You are too berserk!
You are too berserk!
You slice the merfolk impaler!!
Your headbutt misses the merfolk impaler.
The merfolk impaler is severely wounded.
You slice the wind drake!! You drain the wind drake.
You kill the wind drake!
Trog accepts your kill.
* * * LOW HITPOINT WARNING * * *
You feel very sick.
The merfolk impaler hits you but does no damage.
You slice the merfolk impaler like a ripe choko!!!
You kill the merfolk impaler!
Trog accepts your kill.
* * * LOW HITPOINT WARNING * * *
You feel very sick.
You have reached level 17!
* * * LOW HITPOINT WARNING * * *
You feel very sick.
You are too berserk!
You are too berserk!
You are too berserk!
You are too berserk!
You feel a strong urge to attack something.
You die...

~≈~....~≈~~~. . ..~.....~~~.. ..
.........~..# ..#
............#....
........................
.....?.........!.......~
≈~...........).#.........~#
≈≈≈≈≈≈~....#........#.......?.~#
≈≈≈≈≈≈≈~~..##...@....#.........~#
≈≈≈≈≈≈≈≈~............#.........~#
≈≈≈≈≈≈≈≈~......................~~
≈≈≈≈≈≈≈≈~~~......................
≈≈≈≈≈≈≈≈≈≈~~........!#......./..#
≈≈≈≈≈≈≈≈≈≈~~.........##..####..##
≈≈≈≈≈≈≈≈≈≈~~~....................
≈≈≈≈≈≈≈≈≈≈~~.....................
≈≈≈≈≈≈≈≈≈~~.).............)......


There were no monsters in sight!

Vanquished Creatures
  Bai Suzhen (Snake:2)
  Frances (Snake:2)
  An ettin (Orc:2)
  A merfolk impaler (Shoals:1)
  A quicksilver dragon zombie (D:15)
  2 ogre magi (D:13)
  A salamander tyrant (Snake:2)
  3 boulder beetles
  A catoblepas (Lair:4)
  2 two-headed ogres
  5 vault guards (D:13)
  3 centaur warriors
  9 hydras
  6 anacondas
  A merfolk aquamancer (Shoals:1)
  8 naga warriors
  A tengu warrior (D:15)
  Urug (D:11)
  4 orc high priests
  6 death yaks (Lair:2)
  7 naga sharpshooters
  4 thrashing horrors (Lair:5)
  7 shock serpents
  A storm dragon zombie (D:15)
  2 salamander mystics
  A skeletal warrior (D:15)
  6 sea snakes
  A tengu zombie (D:15)
  2 naga ritualists
  A lindwurm (shapeshifter) (D:15)
  A deep elf archer (D:13)
  4 orc knights (Orc:2)
  A deep elf pyromancer (D:13)
  5 orc sorcerers
  3 harpies (Shoals:1)
  A necromancer (D:15)
  26 ugly things
  A phantasmal warrior (D:15)
  Pikel (D:6)
  7 mana vipers
  4 manticores
  A cyclops (D:15)
  11 elephants
  11 salamanders
  2 merfolk sirens (Lair:2)
  A water nymph (Shoals:1)
  4 guardian serpents
  9 naga magi
  2 gargoyles
  24 black mambas
  3 torpor snails
  17 cane toads
  2 smoke demons (Lair:5)
  Maggie (D:6)
  3 unseen horrors
  A yaktaur (D:13)
  12 komodo dragons
  A rime drake (Lair:4)
  2 efreet (D:13)
  A guardian mummy (D:15)
  A komodo dragon (shapeshifter) (D:14)
  A tengu conjurer (D:15)
  A kobold demonologist (D:11)
  9 trolls
  A queen bee (shapeshifter) (Lair:5)
  8 merfolk
  2 wind drakes (Shoals:1)
  2 ancient zymes (Lair:5)
  A meliai (D:15)
  A polar bear (Lair:3)
  8 dream sheep
  A spriggan zombie (D:15)
  3 snapping turtles (Shoals:1)
  22 blink frogs
  3 shadows
  3 water elementals (Shoals:1)
  Sigmund (D:6)
  2 wyverns (Lair:4)
  3 wraiths
  71 yaks
  2 ynoxinuls (Lair:5)
  A steam dragon (D:8)
  11 basilisks
  A human (D:5)
  A redback simulacrum (D:15)
  15 vampire mosquitoes
  A chaos spawn (Lair:5)
  4 wargs
  Menkaure (D:6)
  An acid dragon (D:12)
  14 water moccasins
  30 nagas
  A two-headed ogre zombie (D:12)
  6 black bears
  A sky beast (D:7)
  25 orc warriors
  5 ogres
  21 wolves
  3 centaurs
  12 small abominations (Lair:5)
  A phantom (D:12)
  4 kobold brigands
  7 bullfrogs
  A necrophage (D:7)
  4 scorpions
  2 troll zombies (D:12)
  11 killer bees
  6 electric eels
  A howler monkey (D:5)
  3 hounds
  17 orc priests
  2 jellies
  6 iguanas
  22 orc wizards
  5 ogre zombies (D:12)
  13 gnolls
  5 adders
  A shadow imp (D:5)
  A white imp (D:7)
  2 ufetubi
  5 dart slugs
  82 orcs
  9 ball pythons
  7 endoplasms
  17 giant cockroaches
  7 goblins
  4 hobgoblins
  6 quokkas
  4 bats
  6 frilled lizards
  2 goblin skeletons (D:12)
  4 goblin zombies (D:12)
  A hobgoblin skeleton (D:12)
  4 hobgoblin zombies (D:12)
  A jackal zombie (D:5)
  33 kobolds
  3 orc skeletons (D:12)
  11 orc zombies (D:12)
  7 rats
879 creatures vanquished.

Vanquished Creatures (others)
  29 fungi
  102 plants
  6 withered plants (D:15)
137 creatures vanquished.

Grand Total: 1016 creatures vanquished

Notes
Turn   | Place    | Note
-------+----------+-------------------------------------------
     0 | D:1      | drjones the Minotaur Berserker began the quest for the Orb.
     0 | D:1      | Reached XP level 1. HP: 19/19 MP: 0/0
   131 | D:1      | Found Dommotzeu's Weapon Boutique.
   135 | D:1      | Reached skill level 4 in Axes
   274 | D:1      | Noticed a floating eye
   277 | D:1      | Noticed a shining eye
   279 | D:1      | Reached XP level 2. HP: 26/26 MP: 1/1
   281 | D:1      | Found a faded altar of an unknown god.
   283 | D:1      | Noticed a floating eye
   283 | D:1      | Noticed a floating eye
   427 | D:1      | Found Ylosehuk's Weapon Shop.
   928 | D:2      | Reached skill level 5 in Axes
   928 | D:2      | Reached XP level 3. HP: 23/31 MP: 2/2
   966 | D:2      | Reached ** piety under Trog
   986 | D:2      | Reached skill level 6 in Axes
   986 | D:2      | Reached XP level 4. HP: 30/39 MP: 3/3
  1389 | D:2      | Found Veunubra's Distillery.
  1409 | D:2      | Bought a potion of haste for 100 gold pieces
  1644 | D:2      | Found a runed translucent door.
  1645 | D:2      | Noticed Crazy Yiuf
  2160 | D:3      | Reached XP level 5. HP: 45/45 MP: 4/4
  2171 | D:3      | Found an iron altar of Okawaru.
  2173 | D:3      | Found a stormy altar of Qazlal.
  2173 | D:3      | Found a hazy altar of Hepliaklqana.
  2173 | D:3      | Found a hide-covered altar of Uskayaw.
  2174 | D:3      | Found a glowing silver altar of Zin.
  2174 | D:3      | Found a bloodstained altar of Trog.
  2192 | D:3      | Reached skill level 7 in Axes
  2369 | D:3      | Found a shimmering blue altar of Sif Muna.
  2369 | D:3      | Found a blossoming altar of Fedhas.
  2405 | D:3      | Reached *** piety under Trog
  2877 | D:4      | Reached skill level 8 in Axes
  2877 | D:4      | Reached XP level 6. HP: 44/51 MP: 5/5
  3347 | D:4      | Found a staircase to the Ecumenical Temple.
  3527 | D:4      | Reached skill level 9 in Axes
  3547 | D:4      | Reached **** piety under Trog
  3974 | D:5      | Entered Level 5 of the Dungeon
  4064 | D:5      | Reached XP level 7. HP: 52/57 MP: 6/6
  4120 | D:5      | Reached skill level 10 in Axes
  4152 | D:5      | Identified the amulet "Bittaqoh" {RegenMP Harm SInv Stlth+}
  4751 | D:5      | Found a runed translucent door.
  4751 | D:5      | Noticed a human
  4761 | D:5      | Reached skill level 11 in Axes
  4764 | D:5      | Found a basalt altar of Yredelemnul.
  5275 | D:6      | Noticed Pikel
  5303 | D:6      | Killed Pikel
  5304 | D:6      | Reached skill level 12 in Axes
  5304 | D:6      | Reached XP level 8. HP: 36/64 MP: 7/7
  5510 | D:6      | Noticed Maggie
  5539 | D:6      | Killed Maggie
  5540 | D:6      | Reached skill level 13 in Axes
  6087 | D:6      | Noticed Menkaure
  6100 | D:6      | Killed Menkaure
  6101 | D:6      | Reached skill level 14 in Axes
  6285 | D:6      | Noticed Sigmund
  6297 | D:6      | Killed Sigmund
  6298 | D:6      | Reached XP level 9. HP: 70/70 MP: 8/8
  6539 | D:7      | Reached skill level 1 in Shields
  7665 | D:7      | Reached skill level 5 in Fighting
  8219 | D:8      | Reached skill level 15 in Axes
  8228 | D:8      | Reached skill level 5 in Armour
  8238 | D:8      | Reached XP level 10. HP: 48/83 MP: 9/9
  8546 | D:8      | Noticed a gargoyle
  8569 | D:8      | Killed a gargoyle
  8763 | D:8      | Reached skill level 5 in Shields
  9559 | D:9      | Noticed a two-headed ogre
  9569 | D:9      | Killed a two-headed ogre
 10023 | D:9      | Found a broken altar of Ashenzari.
 10864 | D:9      | Reached skill level 16 in Axes
 10864 | D:9      | Reached XP level 11. HP: 78/94 MP: 10/10
 10990 | D:9      | Found a sacrificial altar of Ru.
 11075 | D:9      | Found Attyrul's Lightly-Used Armoury.
 11412 | D:10     | Entered Level 10 of the Dungeon
 11731 | D:10     | Identified a scroll of acquirement
 11913 | D:10     | Acquired the +3 executioner's axe "Guen" {drain, Fly Dex+3}
 11990 | D:10     | Found a snail-covered altar of Cheibriados.
 12213 | D:10     | Found a glowing golden altar of the Shining One.
 12215 | D:10     | Found a radiant altar of Vehumet.
 12219 | D:10     | Found a shimmering altar of Xom.
 12737 | D:11     | Found a staircase to the Lair.
 12797 | D:11     | Reached skill level 17 in Axes
 12851 | D:11     | Reached ***** piety under Trog
 13108 | D:11     | Noticed Urug
 13117 | D:11     | Killed Urug
 13425 | D:11     | Noticed a two-headed ogre
 13431 | D:11     | Killed a two-headed ogre
 13432 | D:11     | Reached skill level 18 in Axes
 13898 | D:12     | Found a staircase to the Orcish Mines.
 13918 | D:12     | Noticed a four-headed hydra
 13933 | D:12     | Killed a six-headed hydra
 13949 | D:12     | Noticed a purple ugly thing
 13962 | D:12     | Killed a purple ugly thing
 13963 | D:12     | Reached skill level 19 in Axes
 13963 | D:12     | Reached XP level 12. HP: 37/103 MP: 11/11
 14398 | Lair:1   | Entered Level 1 of the Lair of Beasts
 14450 | Lair:1   | Received a gift from Trog
 15133 | Lair:1   | Reached skill level 20 in Axes
 15358 | Lair:1   | Noticed a six-headed hydra
 15381 | Lair:1   | Killed a six-headed hydra
 16042 | Lair:2   | Reached skill level 21 in Axes
 16292 | Lair:2   | Found a staircase to the Shoals.
 16315 | Lair:2   | Noticed a death yak
 16316 | Lair:2   | Noticed a death yak
 16316 | Lair:2   | Noticed a death yak
 16328 | Lair:2   | Killed a death yak
 16330 | Lair:2   | Killed a death yak
 16331 | Lair:2   | Noticed a death yak
 16331 | Lair:2   | Noticed a death yak
 16333 | Lair:2   | Killed a death yak
 16333 | Lair:2   | Noticed a death yak
 16347 | Lair:2   | Killed a death yak
 16348 | Lair:2   | Reached skill level 22 in Axes
 16356 | Lair:2   | Killed a death yak
 16359 | Lair:2   | Killed a death yak
 16360 | Lair:2   | Reached XP level 13. HP: 60/108 MP: 12/12
 17571 | Lair:3   | Received a gift from Trog
 17749 | Lair:3   | Reached skill level 23 in Axes
 18035 | Lair:3   | Found a staircase to the Snake Pit.
 18806 | Lair:4   | Reached skill level 24 in Axes
 18848 | Lair:4   | Reached skill level 1 in Evocations
 20007 | Lair:4   | Received a gift from Trog
 20201 | Lair:5   | Entered Level 5 of the Lair of Beasts
 20271 | Lair:5   | Reached XP level 14. HP: 112/119 MP: 13/13
 20493 | Lair:5   | Reached skill level 10 in Fighting
 20774 | Lair:5   | Reached skill level 10 in Armour
 21072 | Lair:5   | Found a viscous altar of Jiyva.
 21073 | Lair:5   | Found a staircase to the Slime Pits.
 21076 | Lair:5   | Reached skill level 5 in Evocations
 21899 | Lair:5   | Received a gift from Trog
 22507 | Lair:5   | Found a corrupted altar of Lugonu.
 22507 | Lair:5   | Found a one-way gate to the infinite horrors of the Abyss.
 22620 | Lair:5   | Found a runed translucent door.
 22621 | Lair:5   | Noticed Caath's ghost (journeyman DrFi)
 22970 | D:12     | Acquired a manual of Dodging
 23418 | Orc:1    | Entered Level 1 of the Orcish Mines
 23574 | Orc:2    | Entered Level 2 of the Orcish Mines
 23899 | Orc:1    | Found a transporter.
 23902 | Orc:1    | Noticed ponobo's ghost (journeyman GnFE)
 23941 | Orc:1    | Found a transporter.
 24275 | Orc:1    | Received a gift from Trog
 24381 | Orc:2    | Reached ****** piety under Trog
 24386 | Orc:2    | Found Zuteff's Antique Armour Boutique.
 24572 | Orc:2    | Reached skill level 5 in Dodging
 24584 | Orc:2    | Reached XP level 15. HP: 82/133 MP: 14/14
 24870 | Orc:2    | Found Hasialuz's Armour Boutique.
 24871 | Orc:2    | Found Nado Usa's Weapon Shoppe.
 24871 | Orc:2    | Found Gezuddiq's Armour Shoppe.
 24955 | Orc:2    | Found Zetuiqia's Magic Scroll Shoppe.
 25532 | Orc:2    | Found an iron altar of Okawaru.
 25588 | Orc:2    | Found a staircase to the Elven Halls.
 26341 | D:13     | Found Zin's Purification Station.
 26343 | D:13     | Found a glowing silver altar of Zin.
 27155 | D:13     | Found a gate to the Vaults.
 27165 | D:13     | Received a gift from Trog
 28298 | D:14     | Found a burning altar of Makhleb.
 28633 | D:15     | Entered Level 15 of the Dungeon
 29594 | D:15     | Found a staircase to the Depths.
 30381 | Snake:1  | Entered Level 1 of the Snake Pit
 31188 | Snake:1  | Received a gift from Trog
 31284 | Snake:1  | Reached XP level 16. HP: 145/146 MP: 15/15
 33655 | Shoals:1 | Entered Level 1 of the Shoals
 34735 | Snake:2  | Reached skill level 10 in Shields
 35026 | Snake:2  | Reached skill level 15 in Fighting
 35527 | Snake:2  | Reached skill level 15 in Armour
 35749 | Snake:2  | Noticed Frances
 35760 | Snake:2  | Killed Frances
 36016 | Snake:2  | Found Gokh's Jewellery Shop.
 36016 | Snake:2  | Found Zegaps's Book Emporium.
 36017 | Snake:2  | Found Sewkajymm's Jewellery Shop.
 36033 | Snake:2  | Bought the ring "Waw Zuclish" {+Blink rPois rF+ Int-2
                  | Dex+6} for 798 gold pieces
 36478 | Snake:3  | Noticed Bai Suzhen
 36502 | Snake:2  | Killed Bai Suzhen
 36741 | Snake:3  | Received a gift from Trog
 38047 | D:1      | Bought the +11 arbalest "X" {freeze, rN++ rCorr Str-2
                  | Dex+3} for 883 gold pieces
 38403 | Snake:4  | Entered Level 4 of the Snake Pit
 39487 | Shoals:1 | Reached skill level 1 in Ranged Weapons
 39803 | Shoals:1 | HP: 10/226 [poisoned by a sea snake]
 39805 | Shoals:1 | Reached XP level 17. HP: 8/158 MP: 16/16
 39805 | Shoals:1 | HP: 3/237 [poisoned by a sea snake]
 39806 | Shoals:1 | Succumbed to a sea snake's poison

Illustrated notes

Levels and vault maps discovered:
D:1:      eino_arrival_water_cross, layout_loops_ring,
          hellmonk_ecumenical_altar_watching_god, serial_shops, shop, shop
D:2:      cheibrodos_helix_gallery, layout_loops_cross, serial_shops, shop,
          uniq_crazy_yiuf_cottage
D:3:      minmay_roachtagon, layout_basic, grunt_temple_overflow_open,
          nicolae_overflow_two_pavilions
D:4:      kennysheep_kobold_camp, layout_cave_pools, minmay_temple_entry_arrows,
          minmay_bent
D:5:      layout_loops_ring, dk_yredelemnul_ordeal, dreamdust_gnoll_farm
D:6:      layout_gridville, uniq_pikel, uniq_sigmund, uniq_maggie, uniq_menkaure
D:7:      layout_rooms
D:8:      layout_basic
D:9:      layout_irregular_city, mainiacjoe_overflow_big_doors,
          minmay_shop_damaged, grunt_ministairs_4
D:10:     layout_rooms, cheibriados_altar_1, grunt_temple_overflow_diamond
D:11:     layout_basic, erik_lair_orcish_takeover,
          chequers_serial_rivers_small_a, uniq_urug
D:12:     layout_loops_ring, zombieorc2_lemuel
D:13:     layout_basic, grunt_vaults_entry_fortified, zin_purify
D:14:     layout_cave_pods, bloody_makhleb
D:15:     gammafunk_depths_entry_grave, layout_layer_cave,
          hangedman_abyss_or_decor_jellyfish_corner, st_stairs_5
Lair:1:   layout_cave_pods, grunt_megastairs_2, infiniplex_staircase_pool_2
Lair:2:   layout_gridlike, elwin_shoals_entry_stream,
          cheibrodos_lair_caveside_slide, beast_lair_carwin_1
Lair:3:   layout_roguey, guppyfry_snake_entry_garden, st_stairs_5
Lair:4:   layout_regular_city, nzn_random_ring, serial_bayou_shore_b,
          grunt_megastairs_4, serial_bayou_shore_b
Lair:5:   hellmonk_lair_end_abyssal_woods, layout_cave_shapes, slime_entry_1,
          ebering_ghost_inner_flame
Shoals:1: layout_shoals, nicolae_shoals_square_sea_wall,
          nicolae_shoals_nautilus_by_nature
Snake:1:  layout_chambers, serial_bayou_shore_a, grunt_megastairs_1
Snake:2:  layout_onion, lemuel_fruit_tree, minmay_shop_grove, uniq_frances
Snake:3:  layout_cave_pods, uniq_bai_suzhen
Snake:4:  snake_pit, layout_basic, drop_trap
Orc:1:    layout_caves, gammafunk_ghost_stat_death
Orc:2:    st_orc_elflike, layout_caves, serial_shops, nicolae_square_shop,
          hangedman_feature_mirror, okawaru_metal_pillars_1_2

Skill      XL: |  1  2  3  4  5  6  7  8  9 10 11 12 13 14 15 16 |
---------------+-------------------------------------------------+-----
Axes           | 4 5 6 8 9 12 14 15 16 19 22 24 | 24.0
Fighting       | 6 8 9 12 14 16 | 16.0
Shields        | 4 7 8 11 | 11.5
Armour         | 5 7 8 9 12 13 15 | 15.8
Evocations     | 3 6 8 |  8.9
Dodging        | 5 9 |  9.5
Ranged Weapons | 1 |  1.9

Action                   |  1- 3 |  4- 6 |  7- 9 | 10-12 | 13-15 | 16-18 || total
-------------------------+-------+-------+-------+-------+-------+-------++-------
Melee: Hand axe          |    64 |   222 |   302 |   216 |       |       ||   804
       Headbutt          |     6 |    32 |    56 |   129 |   220 |   104 ||   547
       Executioner's axe |       |       |       |   342 |   895 |    78 ||  1315
       Morningstar       |       |       |       |     8 |    29 |       ||    37
       Battleaxe         |       |       |       |       |     9 |       ||     9
       Broad axe         |       |       |       |       |    35 |   335 ||   370
 Fire: Sling             |       |    14 |     3 |     5 |       |       ||    22
       Arbalest          |       |       |       |       |     2 |     8 ||    10
Invok: Berserk           |     1 |     2 |     7 |     9 |     5 |     5 ||    29
Evoke: Wand              |       |     1 |       |       |     7 |     1 ||     9
  Use: Scroll            |       |       |    16 |     8 |    13 |       ||    37
 Stab: Paralysed         |       |     3 |       |       |       |       ||     3
       Distracted        |       |       |       |       |       |     1 ||     1
Armor: Scale mail        |    25 |    67 |    76 |   219 |   153 |       ||   540
       Animal skin       |     2 |       |       |       |       |       ||     2
       Plate armour      |       |       |       |       |   201 |   147 ||   348
Dodge: Dodged            |    32 |    92 |   102 |   192 |   272 |   125 ||   815
Block: Buckler           |     4 |    21 |    26 |    24 |       |       ||    75
       Other             |       |       |       |    20 |   134 |    13 ||   167
       Reflection        |       |       |       |       |     9 |    43 ||    52
       Kite shield       |       |       |       |       |    21 |   275 ||   296
